Map: Catalyst LE

Players

Wardi

  • Race: Terran Terran
  • Spawn Location: 11:00

lucifron - Winner!

  • Race: Terran Terran
  • Spawn Location: 5:00

Event: WCS Valencia 2018

VOD

Have the link to the VOD?

Description

Time

  • Played on: July 12, 2018, 7:08 a.m.
  • Length: 5:49

All games in this series

Show
View Real Time Build Order
Export as new Build Order

Wardi Terran 

Build Orders: 1/1/1, Cyclone Opening 

Get SALT Encoding   

  12  0:01  SCV  
  13  0:13  SCV  
  14  0:18  Supply Depot  
  14  0:26  SCV  
  15  0:35  Refinery  
  15  0:44  Barracks  
  15  0:48  SCV  
  16  1:00  SCV  
  16  1:02  Refinery  
  17  1:16  SCV  
  18  1:31  Orbital Command  
  18  1:35  Factory  
  18  1:41  Reaper  
  19  1:57  SCV  
  19  1:58  Supply Depot  
  20  2:13  Marine  
  21  2:20  Starport, Cyclone  
  24  2:29  SCV  
  25  2:39  Supply Depot  
  25  2:43  SCV  
  26  2:44  Barracks Reactor  
  26  2:52  Factory Tech Lab  
  26  3:02  Medivac  
  28  3:07  SCV  
  29  3:20  Siege Tank  
  29  3:21  Marine  
  29  3:22  Marine  
  30  3:37  SCV  
  30  3:39  Viking  
  31  4:00  Marine x2, Siege Tank  
  31  4:01  SCV  
  37  4:15  Viking  
  39  4:58  Supply Depot  
  39  5:03  Viking  
  39  5:11  Marine x2  
  39  5:16  Siege Tank  
  37  5:28  SCV  
Show
View Real Time Build Order
Export as new Build Order

lucifron Terran - Winner!

Build Orders: Cyclone Opening 

Get SALT Encoding   

  12  0:00  SCV  
  13  0:12  SCV  
  14  0:17  Supply Depot  
  14  0:24  SCV  
  14  0:28  Refinery  
  15  0:39  SCV  
  16  0:45  Barracks  
  16  0:51  SCV  
  17  0:58  Refinery  
  17  1:03  SCV  
  18  1:15  SCV  
  19  1:32  Reaper, Orbital Command  
  20  1:38  Factory  
  20  1:48  Supply Depot  
  20  1:58  Bunker  
  20  2:03  Marine  
  20  2:07  SCV  
  22  2:19  SCV  
  22  2:21  Marine  
  24  2:27  Cyclone  
  27  2:33  SCV  
  28  2:37  Starport  
  28  2:41  Supply Depot  
  28  2:45  SCV  
  28  2:47  Marine  
  30  2:58  SCV  
  31  3:03  Cyclone  
  31  3:05  Supply Depot  
  34  3:08  Marine  
  34  3:10  SCV  
  36  3:19  Viking  
  38  3:26  Marine  
  39  3:29  SCV  
  40  3:35  Cyclone  
  43  3:43  Supply Depot  
  43  3:49  Viking  
  43  3:52  Marine  
  44  4:03  Supply Depot  
  44  4:07  Factory Tech Lab  
  44  4:10  Marine  
  45  4:17  Supply Depot  
  45  4:18  Supply Depot  
  45  4:21  Viking  
  47  4:27  Marine  
  51  4:31  Siege Tank  
  51  4:44  SCV  
  52  4:52  Viking  
  54  5:03  Siege Tank  
  50  5:29  SCV  
  50  5:33  Command Center  
Tags
 
Add a new tag
Caveats
  • Supply blocks, unpowered buildings, or Contaminate may cause inaccurate times.
  • Supply counts are checked every 10 seconds.